 Dungeon Crawl Stone Soup version 0.29.1-1-gd02db6906a (webtiles) character file.

Game seed: 6143100668055389661

557 Colgate the Trooper (level 7, -3/61 HPs)
             Began as a Formicid Hunter on Oct 6, 2022.
             Was a Believer of Nemelex Xobeh.
             Slain by an ogre
             ... wielding a +0 giant club
              (29 damage)
             ... on level 5 of the Dungeon.
             The game lasted 00:14:44 (3735 turns).

Colgate the Trooper (Formicid Hunter)               Turns: 3735, Time: 00:14:44

Health: -3/61      AC:  4    Str: 15    XL:     7   Next: 56%
Magic:  0/8        EV: 12    Int:  9    God:    Nemelex Xobeh [**....]
Gold:   225        SH:  0    Dex: 19    Spells: 6/6 levels left

rFire   . . .      SeeInvis +   b - +0 giant club
rCold   + . .      Faith    .   (shield currently unavailable)
rNeg    . . .      Spirit   +   c - +0 leather armour
rPois   +          Reflect  .   (helmet unavailable)
rElec   .          Harm     .   (no cloak)
rCorr   .          Rampage  .   w - +0 pair of gloves
Will    .....                   (no boots)
Stlth   ++........              t - amulet of guardian spirit
HPRegen 0.20/turn               o - ring of protection from cold
MPRegen 0.11/turn               i - ring of poison resistance

@: no status effects
A: permanent stasis, dig shafts and tunnels, antennae 3, four strong arms
a: Dig, Shaft Self, Renounce Religion, Draw Escape, Draw Destruction, Draw
Summoning


You were on level 5 of the Dungeon.
You worshipped Nemelex Xobeh.
Nemelex Xobeh was pleased with you.
You visited 2 branches of the dungeon, and saw 6 of its levels.

You collected 225 gold pieces.

Inventory:

Hand Weapons
 a - a +0 shortbow
 b - a +0 giant club (weapon)
Armour
 c - a +0 leather armour (worn)
 w - a +0 pair of gloves (worn)
Jewellery
 e - a +6 ring of intelligence
 i - a ring of poison resistance (right hand)
 j - an amulet of magic regeneration
 o - a ring of protection from cold (left hand)
 t - an amulet of guardian spirit (around neck)
Wands
 A - a wand of flame (24)
Scrolls
 d - a scroll of noise {unknown}
 f - 4 scrolls of identify {unknown}
 g - 3 scrolls of vulnerability {unknown}
 h - a scroll of blinking {unknown}
 m - 4 scrolls of teleportation {unknown}
 p - a scroll of fog {unknown}
 q - a scroll of amnesia {unknown}
 v - a scroll of magic mapping {unknown}
 y - a scroll of fear {unknown}
 z - 2 scrolls of enchant weapon {unknown}
 B - 2 scrolls of immolation
Potions
 k - 2 potions of curing {unknown}
 l - a potion of attraction {unknown}
 n - a potion of haste {unknown}
 r - 2 potions of heal wounds {unknown}
 s - a potion of lignification {unknown}
 u - a potion of mutation {unknown}
 x - a potion of degeneration {unknown}


   Skills:
 - Level 7.9 Fighting
 + Level 0.0 Maces & Flails
 - Level 4.0 Ranged Weapons
 - Level 1.7 Dodging
 - Level 3.0 Stealth
 - Level 2.1 Invocations


You had 6 spell levels left.
You didn't know any spells.
Your spell library contained the following spells:

 Spells                   Type           Power      Damage    Failure   Level
 Necrotise                Necr           0%         1d4       45%         1
 Summon Small Mammal      Summ           0%         N/A       45%         1
 Call Canine Familiar     Summ           0%         N/A       83%         3
 Summon Guardian Golem    Hex/Summ       0%         N/A       83%         3
 Vampiric Draining        Necr           0%         2d6       83%         3
 Agony                    Necr           0%         N/A       100%        5


Dungeon Overview and Level Annotations

Branches:
Dungeon (5/15)             Temple (1/1) D:5

Altars:
Ashenzari
Cheibriados
Dithmenos
Elyvilon
Fedhas
Gozag
Hepliaklqana
Kikubaaqudgha
Makhleb
Nemelex Xobeh
Okawaru
Qazlal
Ru
Sif Muna
Trog
Uskayaw
Vehumet
Xom
Yredelemnul
Zin
The Shining One

Annotations:
D:3 3 runed translucent doors, topfpfpflanze's ghost, amateur DsNe


Innate Abilities, Weirdness & Mutations

You cannot be hasted, slowed, berserked, paralysed or teleported.
You can dig through walls and to a lower floor.
You have a pair of large antennae on your head. (SInv)
Your four strong arms can wield two-handed weapons with a shield.


Message History

Found a glowing golden altar of the Shining One.
No target in view!
Found a shimmering blue altar of Sif Muna.
No target in view!
Found a hide-covered altar of Uskayaw.
No target in view!
Done exploring.
No target in view!
Done exploring.
No target in view!
Done exploring.
No target in view!
Done exploring.
No target in view!
Done exploring.
Search for what [Enter for "d:4", or ? for help]? temple Unknown command.
There is a staircase back to the Dungeon here.
You climb upwards.
Welcome back to the Dungeon!
There is a staircase to the Ecumenical Temple here.
No target in view!
f - 4 scrolls labelled WOMAUKHLENN (gained 1)
You now have 225 gold pieces (gained 7).
You sense a monster nearby.
No target in view!
An ogre comes into view. It is wielding a +0 giant club.
You shoot an arrow. The arrow hits the ogre!
You shoot an arrow.
The arrow hits the ogre but does no damage.
The ogre hits you with a +0 giant club!!
Okay, then.
Unknown command.
b - a +0 giant club (weapon)
You sock the ogre! The ogre barely misses you.
You barely miss the ogre. The ogre hits you with a +0 giant club!
You barely miss the ogre. The ogre misses you.
You hit the ogre.
The ogre hits you with a +0 giant club!!
You die...
Your body disappears without a glow.

########...............#
#..........#...........#
#.###......#...........#
#......#...........#
#......#############
#......# ####.#.# #.#.#
#@#.# ......O.#.#
.########.# .#


You could see an ogre.

Vanquished Creatures
  An ice beast (D:5)
  An ogre (D:4)
  A phantom (D:3)
  A howler monkey (D:4)
  Jessica (D:3)
  An iguana (D:5)
  An orc wizard (D:5)
  Terence (D:3)
  4 gnolls (D:2)
  4 adders
  2 ufetubi (D:4)
  3 dart slugs (D:1)
  6 orcs
  4 ball pythons
  9 endoplasms
  2 giant cockroaches
  5 goblins
  6 hobgoblins
  4 jackals (D:1)
  3 quokkas
  6 bats
  2 frilled lizards
  9 kobolds
  2 rats (D:1)
79 creatures vanquished.

Notes
Turn   | Place    | Note
-------+----------+-------------------------------------------
     0 | D:1      | Colgate the Formicid Hunter began the quest for the Orb.
     0 | D:1      | Reached XP level 1. HP: 16/16 MP: 1/1
   235 | D:1      | Reached XP level 2. HP: 23/23 MP: 2/2
   363 | D:1      | Reached skill level 3 in Fighting
   490 | D:1      | Reached XP level 3. HP: 29/29 MP: 3/3
   754 | D:1      | Found a faded altar of an unknown god.
   771 | D:1      | Prayed at the altar of an unknown god.
   771 | D:1      | Became a worshipper of Nemelex Xobeh the Trickster
   771 | D:1      | Reached * piety under Nemelex Xobeh
  1015 | D:2      | Received a gift from Nemelex Xobeh
  1027 | D:2      | Reached skill level 4 in Fighting
  1032 | D:2      | Reached XP level 4. HP: 37/37 MP: 4/4
  1601 | D:2      | Reached skill level 1 in Invocations
  1601 | D:2      | Reached XP level 5. HP: 43/43 MP: 5/5
  1719 | D:2      | Reached ** piety under Nemelex Xobeh
  1859 | D:3      | Noticed a phantom
  2128 | D:3      | Killed a phantom
  2129 | D:3      | Reached skill level 5 in Fighting
  2129 | D:3      | Reached XP level 6. HP: 47/52 MP: 6/6
  2192 | D:3      | Found a runed translucent gate.
  2192 | D:3      | Found a runed translucent gate.
  2192 | D:3      | Found a runed translucent gate.
  2192 | D:3      | Noticed topfpfpflanze's ghost (amateur DsNe)
  2231 | D:3      | Noticed Jessica
  2238 | D:3      | Killed Jessica
  2611 | D:3      | Noticed Terence
  2617 | D:3      | Killed Terence
  2618 | D:3      | Reached skill level 6 in Fighting
  2806 | D:3      | Found a sparkling altar of Nemelex Xobeh.
  2851 | D:4      | You fall into a shaft and drop 1 floor!
  2851 | D:5      | Entered Level 5 of the Dungeon
  2915 | D:4      | Noticed an ogre
  2922 | D:4      | Killed an ogre
  2923 | D:4      | Reached XP level 7. HP: 59/59 MP: 8/8
  3021 | D:4      | Reached skill level 7 in Fighting
  3486 | D:5      | Found a staircase to the Ecumenical Temple.
  3494 | Temple   | Entered the Ecumenical Temple
  3735 | D:5      | Slain by an ogre

Illustrated notes

Levels and vault maps discovered:
D:1:      saegor_arrival_simple_e, layout_loops_ring,
          shapermc_ecumenical_altar_mp_highgroup, minmay_heptomino_o4
D:2:      layout_basic
D:3:      layout_loops_ring, nemelex_spade_bored_becter,
          ebering_ghost_rock_garden, serial_bayou_pond_e,
          minmay_stone_trees_small, bh_walls_and_bars, uniq_jessica,
          uniq_terence
D:4:      layout_gridville
D:5:      layout_basic, temple_statues
Temple:   nicolae_temple_slightly_damp_pantheon

Skill      XL: |  1  2  3  4  5  6  7 |
---------------+----------------------+-----
Stealth        | 2 3 |  3.0
Fighting       | 3 4 5 6 7 |  7.9
Invocations    | 1 2 |  2.1
Ranged Weapons | |  4.0
Dodging        | |  1.7

Action                   |  1- 3 |  4- 6 |  7- 9 || total
-------------------------+-------+-------+-------++-------
Melee: Giant club        |       |       |     4 ||     4
 Fire: Shortbow          |    72 |    94 |    48 ||   214
Invok: Draw Destruction  |       |     2 |       ||     2
       Draw Summoning    |       |     1 |       ||     1
Armor: Leather armour    |     5 |     2 |     7 ||    14
Dodge: Dodged            |    17 |    14 |    11 ||    42
